 Dungeon Crawl Stone Soup version 0.21.1-1-g345015fe64 (webtiles) character file.

1633 Oravi the Cutter (level 9, -1/58 HPs)
             Began as a Halfling Fighter on Mar 27, 2018.
             Was a Believer of Okawaru.
             Slain by a hog (8 damage)
             ... on level 7 of the Dungeon.
             The game lasted 00:23:40 (4519 turns).

Oravi the Cutter (Halfling Fighter)                 Turns: 4519, Time: 00:23:41

Health: -1/58      AC:  9    Str: 20    XL:     9   Next: 18%
Magic:  9/9        EV: 12    Int:  6    God:    Okawaru [**....]
Gold:   261        SH: 11    Dex: 14    Spells: 8/8 levels left

rFire    . . .     SeeInvis .   b - +2 dagger (venom)
rCold    + . .     Gourm    .   c - +0 shield
rNeg     . . .     Faith    .   i - +0 scale mail
rPois    .         Spirit   .   (no helmet)
rElec    .         Reflect  .   (no cloak)
rCorr    .         Harm     .   (no gloves)
MR       .....                  n - +0 pair of boots (curse)
Stlth    ..........             (no amulet)
HPRegen  0.19/turn              h - ring of protection from cold
MPRegen  0.11/turn              (no ring)

@: about to teleport
A: small, mutation resistance 1
a: Heroism, Renounce Religion


You were on level 7 of the Dungeon.
You worshipped Okawaru.
Okawaru was pleased with you.
You were not hungry.

You visited 2 branches of the dungeon, and saw 8 of its levels.

You collected 261 gold pieces.

Inventory:

Hand Weapons
 a - a +1 rapier
 b - a +2 dagger of venom (weapon)
 k - a +0 dagger of holy wrath
Missiles
 j - 80 stones (quivered)
 q - 67 sling bullets
Armour
 c - a +0 shield (worn)
 i - a +0 scale mail (worn)
 n - a cursed +0 pair of boots (worn)
 y - a +1 plate armour of cold resistance
Jewellery
 h - a ring of protection from cold (left hand)
Scrolls
 e - 6 scrolls of remove curse
 o - 6 scrolls of identify
 v - a scroll of enchant weapon
 x - a scroll of teleportation
 B - 2 scrolls of random uselessness {unknown}
Potions
 l - 3 potions of ambrosia {unknown}
 m - 3 potions of agility {unknown}
 p - 2 potions of lignification {unknown}
 r - a potion of invisibility {unknown}
 s - a potion of berserk rage {unknown}
 t - a potion of haste {unknown}
 u - a potion of mutation {unknown}
 z - 2 potions of cancellation {unknown}
 A - a potion of curing
Comestibles
 d - 6 chunks of flesh
 f - 9 rations


   Skills:
 + Level 4.1 Fighting
 * Level 7.9 Short Blades
 * Level 6.9 Armour
 + Level 3.3 Dodging
 + Level 6.6 Shields


You had 8 spell levels left.
You didn't know any spells.

Dungeon Overview and Level Annotations

Branches:
Dungeon (7/15)             Temple (1/1) D:5

Altars:
Ashenzari
Cheibriados
Dithmenos
Elyvilon
Fedhas
Gozag
Hepliaklqana
Kikubaaqudgha
Makhleb
Nemelex Xobeh
Okawaru
Qazlal
Ru
Sif Muna
Trog
Uskayaw
Vehumet
Wu Jian
Xom
Yredelemnul
Zin
The Shining One

Shops:
D:5 *


Innate Abilities, Weirdness & Mutations

You are small and have problems with some larger weapons.
You are somewhat resistant to further mutation.


Message History

The hog barely misses you. The hog bites you! The hog barely misses you. x2
The hog bites you! You block the hog's attack. The hog bites you!
* * * LOW HITPOINT WARNING * * *
You feel much better. The hog bites you. The hog barely misses you.
The hog bites you! The hog bites you!
* * * LOW HITPOINT WARNING * * *
You block the hog's attack.
As you read the scroll labeled BAIGHAGOAWN, it crumbles to dust.
You feel aware of your surroundings.
It was a scroll of magic mapping.
The hog looks more healthy.
The hog bites you.
* * * LOW HITPOINT WARNING * * *
The hog closely misses you. x3
As you read the scroll labeled GYATIF VES, it crumbles to dust.
You feel strangely unstable.
It was a scroll of teleportation.
You block the hog's attack. The hog bites you.
* * * LOW HITPOINT WARNING * * *
The hog bites you!
You die...

*,,,,,* #.....
*#.#,.###.....
#.#,..##...##
#.##..####...
##......##..##
##..........###
########..........##..
#.....................
#...h@...............#
#...hhh...............
#..p..............###.
#.......#..........###
#...................†.
#...................##
***##'#####............##
*,,#..# #..........#.##
*..#..# #..........#.#*


You could see 4 hogs and a human.

Vanquished Creatures
  The ghost of syranez the Firebug, a novice OpFE (D:5)
  A sky beast (D:7)
  3 ogres
  3 bullfrogs
  A scorpion (D:4)
  A bullfrog zombie (D:6)
  A centaur zombie (D:7)
  4 hounds
  An orc wizard (D:4)
  An iguana (D:7)
  Jessica (D:2)
  6 worker ants
  A hound zombie (D:5)
  A howler monkey skeleton (D:4)
  7 gnolls (D:4)
  4 adders
  2 shadow imps (D:5)
  3 worms
  2 dart slugs
  2 leopard geckos
  11 orcs
  6 giant cockroaches
  5 hobgoblins
  19 jackals
  15 kobolds
  5 quokkas
  2 ball pythons
  7 bats
  7 frilled lizards
  12 goblins
  A quokka skeleton (D:4)
  7 rats
143 creatures vanquished.

Notes
Turn   | Place    | Note
-------+----------+-------------------------------------------
     0 | D:1      | Oravi the Halfling Fighter began the quest for the Orb.
     0 | D:1      | Reached XP level 1. HP: 15/15 MP: 1/1
    18 | D:1      | Reached XP level 2. HP: 15/20 MP: 2/2
   244 | D:1      | Reached XP level 3. HP: 26/26 MP: 3/3
  1019 | D:2      | Reached skill level 3 in Short Blades
  1068 | D:2      | Noticed Jessica
  1077 | D:2      | Killed Jessica
  1077 | D:2      | Reached XP level 4. HP: 29/31 MP: 4/4
  1612 | D:3      | Reached XP level 5. HP: 36/36 MP: 5/5
  1654 | D:3      | Reached skill level 4 in Short Blades
  1908 | D:3      | Reached skill level 1 in Dodging
  2252 | D:4      | Reached XP level 6. HP: 42/42 MP: 6/6
  2314 | D:4      | Reached skill level 5 in Short Blades
  2396 | D:4      | Noticed an ogre
  2404 | D:4      | Killed an ogre
  2424 | D:4      | Reached skill level 5 in Shields
  2424 | D:4      | Reached XP level 7. HP: 31/46 MP: 7/7
  2942 | D:4      | Reached skill level 6 in Short Blades
  3093 | D:5      | Entered Level 5 of the Dungeon
  3102 | D:5      | Found Saughut's Elemental Accessories.
  3136 | D:5      | Noticed syranez's ghost (novice OpFE)
  3218 | D:5      | Reached skill level 5 in Armour
  3220 | D:5      | Found a staircase to the Ecumenical Temple.
  3238 | Temple   | Entered the Ecumenical Temple
  3330 | Temple   | Became a worshipper of Warmaster Okawaru
  3539 | D:5      | Reached XP level 8. HP: 46/53 MP: 8/8
  3817 | D:5      | Found a glowing silver altar of Zin.
  4010 | D:5      | Killed syranez's ghost
  4010 | D:5      | Reached * piety under Okawaru
  4010 | D:5      | Reached skill level 7 in Short Blades
  4313 | D:7      | Reached XP level 9. HP: 42/58 MP: 9/9
  4424 | D:7      | Reached ** piety under Okawaru
  4519 | D:7      | Slain by a hog

Skill      XL: |  1  2  3  4  5  6  7  8 |
---------------+-------------------------+-----
Fighting       | 3 4 |  4.1
Short Blades   | 3 4 5 6 7 |  7.9
Shields        | 4 5 6 |  6.6
Dodging        | 1 2 3 |  3.3
Armour         | 4 5 6 |  6.9

Action                   |  1- 3 |  4- 6 |  7- 9 || total
-------------------------+-------+-------+-------++-------
Melee: Rapier            |    30 |       |       ||    30
       Dagger            |    88 |   199 |   280 ||   567
  Use: Scroll            |     2 |     2 |     2 ||     6
       Potion            |       |       |     6 ||     6
  Eat: Chunk             |     1 |     4 |     7 ||    12
Armor: Scale mail        |    33 |    47 |    63 ||   143
Dodge: Dodged            |    41 |    50 |    74 ||   165
Block: Shield            |    54 |    97 |   108 ||   259
